 Dungeon Crawl Stone Soup version 0.17.1-3-g152610e (webtiles) character file.

167 Inkary the Ruffian (level 5, 0/53 HPs)
             Began as a Troll Monk on Apr 22, 2016.
             Slain by schorsch312's ghost (10 damage)
             ... on level 3 of the Dungeon.
             The game lasted 00:12:26 (1977 turns).

Inkary the Ruffian (Troll Monk)                     Turns: 1977, Time: 00:12:26

Health: 0/53       AC:  7    Str: 19    XL:     5   Next: 23%
Magic:  4/4        EV:  6    Int:  6    God:
Gold:   135        SH:  0    Dex: 13    Spells: 0 memorised, 4 levels left

rFire  + . .     SeeInvis .       - Unarmed
rCold  . . .     Clarity  .     i - +2 robe {rF+}
rNeg   . . .     SustAt   .     (no shield)
rPois  .         Gourm    +     (helmet restricted)
rElec  .         Spirit   .     (no cloak)
rCorr  .         Warding  .     (gloves unavailable)
rMut   .         Stasis   .     (boots unavailable)
MR     .....                    (no amulet)
Stlth  +++.......               s - ring of stealth
                                p - +3 ring of slaying

@: not resistant to hostile enchantments, fairly stealthy
A: unfitting armour, claws 3, fast metabolism 3, gourmand, regeneration 2,
shaggy fur 1, tough skin 2
a: no special abilities


You were on level 3 of the Dungeon.
You were completely stuffed.

You visited 1 branch of the dungeon, and saw 3 of its levels.

You collected 135 gold pieces.

Inventory:

Armour
 i - a +2 robe of fire resistance (worn)
Jewellery
 p - a +3 ring of slaying (left claw)
 s - a ring of stealth (right claw)
 u - a +5 ring of intelligence
 v - a +1 ring of protection
Wands
 a - a wand of paralysis (8)
Scrolls
 e - a scroll of enchant armour
 g - a scroll of amnesia {unknown}
 h - 3 scrolls of fear
 j - 2 scrolls of teleportation
 l - 2 scrolls of remove curse
 o - a scroll of magic mapping
 w - a scroll of identify
Potions
 d - a potion of curing {unknown}
 m - a potion of might
 n - a potion of invisibility
 t - a potion of poison {unknown}
Comestibles
 b - 2 bread rations
 c - 4 meat rations
 f - a beef jerky
 k - 5 chunks of flesh
 q - a royal jelly
 r - 8 fruits


   Skills:
 - Level 3.0 Fighting
 + Level 3.3 Dodging
 + Level 1.8 Stealth
 - Level 4.6 Unarmed Combat
 + Level 0.8 Evocations


You had 4 spell levels left.
You didn't know any spells.

Dungeon Overview and Level Annotations

Branches:
Dungeon (3/15)

Altars:

Annotations:
D:3 schorsch312's ghost, amateur HOFi


Innate Abilities, Weirdness & Mutations

You are too large for most types of armour.
You have claws for hands.
Your metabolism is lightning-fast.
You like to eat raw meat.
You heal very quickly.
You are covered in fur (AC +1).
You have very tough skin (AC +2).


Message History

Schorsch312's ghost is lightly damaged.
Schorsch312's ghost barely misses you.
You scratch schorsch312's ghost. You claw schorsch312's ghost!
Schorsch312's ghost is heavily damaged.
Schorsch312's ghost hits you!
You scratch schorsch312's ghost but do no damage.
Schorsch312's ghost is heavily damaged.
Schorsch312's ghost says very slowly, "There's no hope."
Schorsch312's ghost hits you!
* * * LOW HITPOINT WARNING * * *
You are too injured to fight recklessly!
Some of the chunks of flesh in your inventory have rotted away.
Things that are here:
a potion of degeneration; an uncursed ring of loudness Schorsch312's ghost hits you!
* * * LOW HITPOINT WARNING * * *
There is a stone staircase leading down here.
You can't go up here!
Schorsch312's ghost hits you!
You die...

#.# #...........><### #.
##)########...######.#..# ###.
##.............# #.#..# #...
#.(...#####....######....#####.#.
)......# #............#.....W...
.(.###.####..#..#####....#####.##
(..# #..........!........# #.#
#..###.......###W####..### #.#
.......###...# #@......#######.##
#.##...###...###.#####.##........
#................# #.##.######.
####.#W###.....#######.##.# #.
#.#.# #.....#.......##.# ## #.#.#
###.#.#.###......# #.#.# #.#.#.#
#)###### #.#)# #.#.#.# #)#
***#.#.# #.#.#.# #.# ####


You could see schorsch312's ghost.

Vanquished Creatures
  8 adders
  3 worms (D:2)
  6 orcs (D:3)
  8 bats
  6 hobgoblins
  4 jackals
  4 ball pythons
  5 giant cockroaches
  2 giant geckos
  6 giant newts
  11 goblins
  9 kobolds
  13 rats
85 creatures vanquished.

Notes
Turn   | Place    | Note
--------------------------------------------------------------
     0 | D:1      | Inkary the Troll Monk began the quest for the Orb.
     0 | D:1      | Reached XP level 1. HP: 22/22 MP: 0/0
   244 | D:1      | Reached XP level 2. HP: 29/29 MP: 1/1
   918 | D:2      | Reached XP level 3. HP: 32/36 MP: 2/2
  1159 | D:2      | Reached XP level 4. HP: 44/44 MP: 3/3
  1452 | D:3      | Found a faded altar to an unknown god.
  1575 | D:3      | Noticed schorsch312's ghost (amateur HOFi)
  1708 | D:3      | Reached XP level 5. HP: 53/53 MP: 4/4
  1977 | D:3      | Slain by schorsch312's ghost

Action                   |  1- 3 |  4- 6 || total
-------------------------+-------+-------++-------
Melee: Unarmed           |    94 |    96 ||   190
  Use: Scroll            |       |     9 ||     9
 Stab: Sleeping          |     5 |     7 ||    12
  Eat: Chunk             |    16 |     8 ||    24
